 Dungeon Crawl Stone Soup version 0.28-a0-1594-ga885d4b3d6 (webtiles) character file.

Game seed: 16432793950471467026

413 Pin the Skirmisher (level 6, 0/56 HPs)
             Began as a Hill Orc Fighter on Jan 21, 2022.
             Was a Believer of Makhleb.
             Succumbed to an orc's poison
             ... on level 4 of the Dungeon.
             The game lasted 00:06:52 (3738 turns).

Pin the Skirmisher (Hill Orc Fighter)               Turns: 3738, Time: 00:06:52

Health: 0/56       AC:  8    Str: 21    XL:     6   Next: 90%
Magic:  8/8        EV:  9    Int:  8    God:    Makhleb [**....]
Gold:   179        SH:  4    Dex: 10    Spells: 5/5 levels left

rFire   . . .      SeeInvis .   a - +0 war axe
rCold   . . .      Faith    .   c - +0 buckler
rNeg    . . .      Spirit   .   b - +0 scale mail
rPois   .          Reflect  .   (no helmet)
rElec   .          Harm     .   (no cloak)
rCorr   .          Rampage  .   (no gloves)
Will    .....                   j - +0 pair of boots
Stlth   ..........              (no amulet)
HPRegen 0.18/turn               (no ring)
MPRegen 0.11/turn               (no ring)

@: lethally poisoned (0 -> -9)
A: no striking features
a: Renounce Religion, Minor Destruction


You were on level 4 of the Dungeon.
You worshipped Makhleb.
Makhleb was pleased with you.
You visited 1 branch of the dungeon, and saw 4 of its levels.

You collected 179 gold pieces.

Inventory:

Hand Weapons
 a - a +0 war axe (weapon)
 l - a +0 mace
Missiles
 i - a throwing net (quivered)
Armour
 b - a +0 scale mail (worn)
 c - a +0 buckler (worn)
 j - a +0 pair of boots (worn)
Jewellery
 k - an amulet of magic regeneration
Wands
 q - a wand of acid (11)
Scrolls
 h - a scroll of vulnerability {unknown}
 m - a scroll of fog {unknown}
 p - a scroll of amnesia {unknown}
Potions
 d - 4 potions of might
 e - a potion of cancellation
 f - a potion of mutation {unknown}
 g - a potion of degeneration {unknown}
 n - a potion of brilliance {unknown}
 o - a potion of lignification {unknown}


   Skills:
 + Level 5.1 Fighting
 + Level 4.9 Axes
 + Level 4.6 Armour
 + Level 4.8 Shields
 + Level 3.3 Invocations


You had 5 spell levels left.
You didn't know any spells.
Your spell library contained the following spells:

 Spells                   Type           Power      Damage    Failure   Level
 Sandblast                Erth           0%         2d4       83%         1
 Summon Small Mammal      Summ           0%         N/A       83%         1
 Passwall                 Tmut/Erth      0%         N/A       92%         2
 Call Canine Familiar     Summ           0%         N/A       99%         3
 Conjure Flame            Conj/Fire      0%         6-21      99%         3
 Ignite Poison            Fire/Tmut/Pois 0%         N/A       99%         3
 Stone Arrow              Conj/Erth      0%         3d7       99%         3
 Summon Guardian Golem    Hex/Summ       0%         N/A       99%         3
 Tukima's Dance           Hex            0%         N/A       99%         3
 Anguish                  Hex/Necr       0%         N/A       100%        4
 Sticky Flame             Conj/Fire      0%         2d3       100%        4
 Enfeeble                 Hex            0%         N/A       100%        7


Dungeon Overview and Level Annotations

Branches:
Dungeon (4/15)
 Temple: D:4-7

Altars:
Makhleb


Message History

You slash the orc!
You kill the orc!
Makhleb accepts your kill.
You slash the orc!
You kill the orc!
Makhleb accepts your kill.
You feel better. You block the orc's attack. The orc completely misses you.
Items here: )) [[.
You closely miss the orc. The orc hits you with a +0 mace.
The orc hits you but does no damage.
You are poisoned.
The orc barely misses you.
You barely miss the orc.
You feel very sick. You block the orc's attack. The orc closely misses you.
You barely miss the orc.
You feel sick.
The orc hits you from afar with a +1 trident of venom.
You are more poisoned.
The orc hits you but does no damage.
The orc hits you from afar with a +1 trident of venom.
You are more poisoned.
You barely miss the orc.
You feel extremely sick. The orc misses you.
The orc hits you from afar with a +1 trident of venom.
You are lethally poisoned!
You block the orc's attack.
You feel extremely sick.
Things that are here:
a +0 spear; a gnoll corpse
* * * LOW HITPOINT WARNING * * *
You feel very sick.
* * * LOW HITPOINT WARNING * * *
You feel very sick.
* * * LOW HITPOINT WARNING * * *
You feel very sick.
* * * LOW HITPOINT WARNING * * *
You feel very sick.
You die...

..##......# ########..##
.<........# ####..........####
........o# ##................##
.......).# ##...................
#..###...####....................
..## #.#..))###..................
.## ######)o.##.................
# ###.o.#................
####@..#............. ########
##.####........... ##......# #..#
####........ #.......## ##.#
#####...# ##........## #.## #####
#....<.(...## ##..#
#............####...##
#.............##)....##
..............#.......##


You could see 2 orcs.

Vanquished Creatures
  An ogre (D:4)
  A phantom (D:2)
  A centaur skeleton (D:3)
  An iguana (D:3)
  An orc wizard (D:3)
  6 gnolls
  5 adders
  A worm (D:2)
  A dart slug (D:3)
  6 orcs
  7 ball pythons
  8 endoplasms
  2 giant cockroaches
  6 goblins
  5 hobgoblins (D:1)
  5 kobolds
  2 quokkas (D:1)
  3 bats
  4 frilled lizards
  4 rats
70 creatures vanquished.

Vanquished Creatures (others)
  69 plants (D:2)
69 creatures vanquished.

Grand Total: 139 creatures vanquished

Notes
Turn   | Place    | Note
-------+----------+-------------------------------------------
     0 | D:1      | Pin the Hill Orc Fighter began the quest for the Orb.
     0 | D:1      | Reached XP level 1. HP: 19/19 MP: 1/1
   104 | D:1      | Reached XP level 2. HP: 27/27 MP: 2/2
   230 | D:1      | Found a faded altar of an unknown god.
   239 | D:1      | Reached skill level 4 in Fighting
   239 | D:1      | Reached XP level 3. HP: 32/33 MP: 3/3
   252 | D:1      | Prayed at the altar of an unknown god.
   252 | D:1      | Became a worshipper of Makhleb the Destroyer
   252 | D:1      | Reached * piety under Makhleb
   653 | D:2      | Noticed a phantom
   821 | D:2      | Killed a phantom
   822 | D:2      | Reached skill level 1 in Invocations
   822 | D:2      | Reached XP level 4. HP: 18/41 MP: 3/5
   838 | D:2      | Reached XP level 5. HP: 23/47 MP: 4/6
  1936 | D:3      | Reached ** piety under Makhleb
  2575 | D:3      | Reached XP level 6. HP: 52/55 MP: 6/8
  3290 | D:4      | Reached skill level 5 in Fighting
  3737 | D:4      | HP: 2/56 [poisoned by an orc]
  3738 | D:4      | Succumbed to an orc's poison

Illustrated notes

Levels and vault maps discovered:
D:1:      shiori_shiawase, layout_rooms, dreamdust_ecumenical_altar_statues,
          minmay_misc_feat_diagonals
D:2:      layout_loops_cross, serial_bayou, serial_bayou_lake_a,
          serial_bayou_lagoon_a, serial_bayou_pond_e, serial_bayou_pond_c,
          serial_bayou_shore_b, st_stairs_14, grunt_decor_fettered,
          minmay_misc_feat_room, grunt_ministairs_2
D:3:      layout_basic, kennysheep_decorative_pillar, hangedman_glass_teeth,
          st_stairs_3, corexii_leaking_fountain, minmay_strange_pillars
D:4:      layout_cave_pods

Skill      XL: |  1  2  3  4  5  6 |
---------------+-------------------+-----
Axes           | 3 4 |  4.9
Fighting       | 4 5 |  5.1
Armour         | 4 |  4.6
Shields        | 4 |  4.8
Invocations    | 1 2 3 |  3.3

Action                   |  1- 3 |  4- 6 || total
-------------------------+-------+-------++-------
Melee: War axe           |    81 |   141 ||   222
  Use: Scroll            |       |     3 ||     3
Armor: Scale mail        |    30 |    55 ||    85
Dodge: Dodged            |    46 |    77 ||   123
Block: Buckler           |    14 |    34 ||    48

Table legend: (Time is in decaauts)
 A = Elapsed time spent in this place.
 B = Non-inter-level travel time spent in this place.
 C = Inter-level travel time spent in this place.
 D = Time resting spent in this place.
 E = Time spent auto-exploring this place.
 F = Levels seen in this place.
 G = Mean time per level.
                   A        B        C        D        E       F      G
               +--------+--------+--------+--------+--------+-----+--------+
         Total |   3877 |   3684 |    193 |    868 |   2114 |   4 |  969.2 |
       Dungeon |   3877 |   3684 |    193 |    868 |   2114 |   4 |  969.2 |
               +--------+--------+--------+--------+--------+-----+--------+

Top non-repeatable levels by time:
     D:2: 1530 daAuts
     D:3: 1348 daAuts
     D:1: 655 daAuts
     D:4: 343 daAuts
